 Dungeon Crawl Stone Soup version 0.17-a0-1174-ge06b3cc (webtiles) character file.

62 Fluffy the Slasher (level 3, -3/28 HPs)
             Began as a Demonspawn Gladiator on May 29, 2015.
             Killed by static electricity
             ... invoked by an insubstantial wisp
             ... summoned by the player character
              (6 damage)
             ... on level 2 of the Dungeon.
             The game lasted 00:04:05 (1619 turns).

Fluffy the Slasher (Demonspawn Gladiator)           Turns: 1619, Time: 00:04:05

Health: -3/28      AC:  6    Str: 16    XL:     3   Next: 85%
Magic:  3/3        EV: 12    Int:  9    God:
Gold:   137        SH:  0    Dex: 13    Spells: 0 memorised, 2 levels left

rFire  . . .     SeeInvis .     a - +0 long sword
rCold  . . .     Clarity  .     t - +0 ring mail
rNeg   . . .     SustAt   .     (no shield)
rPois  .         Gourm    .     c - +0 helmet
rElec  .         Spirit   .     (no cloak)
rCorr  .         Warding  .     (no gloves)
rMut   .         Stasis   .     (no boots)
MR     .....                    (no amulet)
Stlth  ++........               (no ring)
                                h - ring of stealth

@: not resistant to hostile enchantments, unstealthy
A: powered by pain 1
a: no special abilities


You were on level 2 of the Dungeon.
You were not hungry.

You visited 1 branch of the dungeon, and saw 2 of its levels.

You collected 137 gold pieces.

Inventory:

Hand weapons
 a - a +0 long sword (weapon)
Missiles
 d - 3 throwing nets (quivered)
Armour
 c - a +0 helmet (worn)
 t - a +0 ring mail (worn)
Jewellery
 h - a ring of stealth (left hand)
Scrolls
 f - 5 scrolls of identify {unknown}
 j - a scroll of remove curse {unknown}
 l - 2 scrolls of teleportation {unknown}
 m - a scroll of recharging {unknown}
 n - 2 scrolls of fog {unknown}
 r - a scroll of enchant weapon {unknown}
 s - a scroll of amnesia {unknown}
Potions
 g - a potion of brilliance {unknown}
 i - a potion of ambrosia {unknown}
 o - a potion of might {unknown}
 p - a potion of invisibility {unknown}
Miscellaneous
 q - a plain deck of summoning {drawn: 1}
Comestibles
 b - a chunk of flesh
 e - 4 bread rations
 k - 3 fruits


   Skills:
 + Level 2.8 Fighting
 + Level 3.1 Long Blades
 - Level 1.7 Throwing
 + Level 1.3 Armour
 + Level 3.1 Dodging


You had 2 spell levels left.
You didn't know any spells.

Dungeon Overview and Level Annotations

Branches:
Dungeon (2/15)

Altars:
Nemelex Xobeh
Vehumet

Annotations:
D:2 Crazy Yiuf


Innate Abilities, Weirdness & Mutations

You sometimes gain a little power by taking damage.


Message History

The lightning grounds out.
Crazy Yiuf closely misses your insubstantial wisp.
Your insubstantial wisp barely misses Crazy Yiuf.
You hit the insubstantial wisp but do no damage.
The insubstantial wisp is heavily damaged.
The insubstantial wisp blinks!
Your insubstantial wisp blinks!
Crazy Yiuf closely misses your insubstantial wisp.
Crazy Yiuf hits your insubstantial wisp with a quarterstaff of chaos.
Crazy Yiuf closely misses your insubstantial wisp.
You hit the insubstantial wisp but do no damage.
The insubstantial wisp is heavily damaged.
The insubstantial wisp hits you.
* * * LOW HITPOINT WARNING * * *
Your insubstantial wisp hits Crazy Yiuf but does no damage.
Crazy Yiuf says, "Announcement foot chair!"
Crazy Yiuf completely misses your insubstantial wisp.
The insubstantial wisp thrums sharply.
You are struck by lightning.
You die...

####♣♣ ### ##....♣♣ #..)# ######
### ##......♣♣♣♣v....# #....# ..#
#.......v♣vg♣ ##....# ..#
#.......♣@♣♣♣ #.....# ..#
#...##♣♣♣♣♣ #.....# ..######...#
#.....# .......'...# ####......
########...#############.........
#......+...>.....................
#.######...#################.....
#.######...########### #.....
.>...................##########.#


You could see an insubstantial wisp, Crazy Yiuf and 2 friendly insubstantial
wisps.

Vanquished Creatures
  2 adders (D:2)
  An ooze (D:2)
  A worm (D:2)
  A giant gecko (D:2)
  2 giant cockroaches
  7 goblins
  6 hobgoblins (D:2)
  3 kobolds
  A ball python (D:1)
  4 bats
  A giant newt (D:1)
  10 rats
39 creatures vanquished.

Notes
Turn   | Place    | Note
--------------------------------------------------------------
     0 | D:1      | Fluffy the Demonspawn Gladiator began the quest for the Orb.
     0 | D:1      | Reached XP level 1. HP: 16/16 MP: 1/1
   258 | D:1      | Gained mutation: You sometimes gain a little power by taking damage. [demonic ancestry]
   258 | D:1      | Reached XP level 2. HP: 18/23 MP: 2/2
   484 | D:1      | You fall through a shaft!
   662 | D:2      | Reached skill level 3 in Dodging
   748 | D:2      | Found a radiant altar of Vehumet.
   776 | D:2      | Reached XP level 3. HP: 26/28 MP: 3/3
   865 | D:2      | Reached skill level 1 in Armour
  1048 | D:2      | Found a sparkling altar of Nemelex Xobeh.
  1607 | D:2      | Noticed Crazy Yiuf
  1608 | D:2      | Noticed an insubstantial wisp
  1619 | D:2      | Killed from afar by an insubstantial wisp

Vault maps used:
D:1:      dpeg_arrival_subterranean_lakeside_camping
D:2:      vehumet_crystals, first_bread, nemelex_deck, uniq_crazy_yiuf_cottage

Action                   || total
-------------------------++-------
Melee: Long sword        ||   127
Evoke: Deck              ||     1
 Stab: Sleeping          ||     6
  Eat: Chunk             ||     2
